Match 46098456
Unlisted

Match 46098456
End
Selects Special Operations Battlegroup
Selects M29 Weasel Recon Vehicle
M29 Weasel Recon Vehicle
Construct Barracks
Riflemen Squad
Riflemen Squad
Riflemen Squad
Grenade Package
Mechanized Support Center
Selects Smoke Screen
Construct Motor Pool
Designate Forward Repair Station
M8 Greyhound Armored Car
Improvised Armor
Construct Medical Station
M1 Anti-tank Gun Team
Designate Forward Repair Station
Selects P-47 Anti-Infantry Loiter
Smoke Screen
M1918 Browning Automatic Rifles
M1 Anti-tank Gun Team
Engineer Squad
P-47 Anti-Infantry Loiter
Construct Tank Depot
Selects UNKNOWN (2162291)
Selects SSF Commando Squad
M4(105) Sherman Bulldozer
Designate Forward Repair Station
Engineer Squad
M18 Hellcat Tank Destroyer
P-47 Anti-Infantry Loiter
M18 Hellcat Tank Destroyer
M4(105) Sherman Bulldozer
Smoke Screen
M1 Anti-tank Gun Team
M1 Anti-tank Gun Team
M18 Hellcat Tank Destroyer
Riflemen Squad
Riflemen Squad
Polka_Pete
JJB34
0
0

Comments sign in to comment!

No comments posted yet!